 Dungeon Crawl Stone Soup version 0.19.4-8-ga85b6b9 (webtiles) character file.

91 Naow the Magician (level 4, 0/24 HPs)
             Began as a Deep Elf Fire Elementalist on Feb 11, 2017.
             Slain by an orc
             ... wielding a +0 war axe
              (6 damage)
             ... on level 3 of the Dungeon.
             The game lasted 00:02:55 (1782 turns).

Naow the Magician (Deep Elf Fire Elementalist)      Turns: 1782, Time: 00:02:56

Health: 0/24       AC:  2    Str:  5    XL:     4   Next: 33%
Magic:  1/12       EV: 13    Int: 21    God:
Gold:   155        SH:  0    Dex: 15    Spells: 3 memorised, 5 levels left

rFire  . . .     SeeInvis .     k - +1 dagger (elec)
rCold  . . .     Gourm    +     a - +0 robe
rNeg   . . .     Faith    .     (no shield)
rPois  .         Spirit   .     (no helmet)
rElec  .         Reflect  .     (no cloak)
rCorr  .         Harm     .     (no gloves)
MR     .....                    (no boots)
Stlth  ++........               e - amulet of the gourmand
                                (no ring)
                                (no ring)

@: no status effects
A: no striking features
a: no special abilities


You were on level 3 of the Dungeon.
You were completely stuffed.

You visited 1 branch of the dungeon, and saw 3 of its levels.

You collected 155 gold pieces.

Inventory:

Hand Weapons
 k - a +1 dagger of electrocution (weapon)
Armour
 a - a +0 robe (worn)
Jewellery
 e - an amulet of the gourmand (around neck)
 o - a +5 ring of strength {unknown}
Scrolls
 f - a scroll of fog {unknown}
 g - 2 scrolls of remove curse {unknown}
 h - a scroll of blinking {unknown}
 m - a scroll of identify {unknown}
 r - a scroll of noise {unknown}
 u - a scroll of teleportation {unknown}
Potions
 d - a potion of cancellation {unknown}
 i - a potion of agility {unknown}
 n - 2 potions of curing {unknown}
 p - a potion of flight {unknown}
 q - a potion of cure mutation {unknown}
 s - a potion of resistance {unknown}
Books
 b - a book of Flames

   Spells                             Type                      Level
   a - Flame Tongue                   Conjuration/Fire             1
   b - Throw Flame                    Conjuration/Fire             2
   c - Conjure Flame                  Conjuration/Fire             3
   d - Inner Flame                    Hexes/Fire                   3
   e - Sticky Flame                   Conjuration/Fire             4
   f - Fireball                       Conjuration/Fire             5
Comestibles
 c - 3 bread rations
 j - 2 meat rations
 l - a royal jelly


   Skills:
 - Level 2.4 Dodging
 - Level 2.4 Stealth
 + Level 4.4 Spellcasting
 + Level 2.5 Conjurations
 + Level 4.2 Fire Magic


You had 5 spell levels left.
You knew the following spells:

 Your Spells              Type           Power        Failure   Level  Hunger
a - Flame Tongue          Conj/Fire      ###..        2%          1    None
b - Throw Flame           Conj/Fire      ###...       4%          2    #......
c - Conjure Flame         Conj/Fire      ###.....     10%         3    ##.....


Dungeon Overview and Level Annotations

Branches:
Dungeon (3/15)

Altars:
Zin

Annotations:
D:3 Naow's ghost, amateur DEFE


Message History

* * * LOW HITPOINT WARNING * * *
Casting: Flame Tongue
Confirm with . or Enter, or press ? or * to list all spells.
Aiming: Flame Tongue
Press: ? - help, Shift-Dir - straight line, f/p - orc
Aim: an orc, wielding a war axe and wearing a leather armour (heavily wounded)
The flame tongue hits the orc.
The orc is severely wounded.
The orc hits you with a war axe.
* * * LOW HITPOINT WARNING * * *
There is a stone staircase leading up here.
There is a stone staircase leading up here.
There is a stone staircase leading up here.
Casting: Flame Tongue
Confirm with . or Enter, or press ? or * to list all spells.
Aiming: Throw Flame
Press: ? - help, Shift-Dir - straight line, f/p - orc
Aim: an orc, wielding a war axe and wearing a leather armour (severely wounded)
The puff of flame misses the orc.
The orc hits you with a war axe.
You die...

.####.###.###.####.#
...##.###.##.......#
.#.#....#.##.#.##..#
.#....#.#....#..#..#
.###....#######.#..#
...#...............#
.#.##....)#####....#
.#.##..##.###..o...#
.#.....##.....##@..#
.#####.######<###..#
.#####.....##.....>#
.....#.###.##.###..#
####.#.............####
# #.#.....##.#........
# #.#####.##.#.##.####.
#.....#.##...........
#.###.#.####.####.###


You could see an orc.

Vanquished Creatures
  An orc wizard (D:3)
  2 adders
  2 worms (D:2)
  A dart slug (D:1)
  A leopard gecko (D:2)
  3 orcs (D:3)
  3 ball pythons
  3 bats
  2 giant cockroaches
  3 goblins
  2 hobgoblins
  4 kobolds
  6 frilled lizards
  2 rats (D:1)
35 creatures vanquished.

Vanquished Creatures (others)
  5 toadstools (D:1)
5 creatures vanquished.

Grand Total: 40 creatures vanquished

Notes
Turn   | Place    | Note
-------+----------+-------------------------------------------
     0 | D:1      | Naow the Deep Elf Fire Elementalist began the quest for the Orb.
     0 | D:1      | Reached XP level 1. HP: 10/10 MP: 6/6
   285 | D:1      | Reached XP level 2. HP: 15/15 MP: 5/8
   804 | D:2      | Reached XP level 3. HP: 17/19 MP: 3/10
   887 | D:2      | Learned a level 2 spell: Throw Flame
   895 | D:2      | Learned a level 3 spell: Conjure Flame
  1043 | D:2      | Found a glowing silver altar of Zin.
  1713 | D:3      | Noticed Naow's ghost (amateur DEFE)
  1715 | D:3      | Reached XP level 4. HP: 24/24 MP: 0/12
  1782 | D:3      | Slain by an orc

Skill      XL: |  1  2  3 |
---------------+----------+-----
Conjurations   | 2 |  2.5
Spellcasting   | 4 |  4.4
Fire Magic     | 4 |  4.2
Dodging        | |  2.4
Stealth        | |  2.4

Action                   |  1- 3 |  4- 6 || total
-------------------------+-------+-------++-------
Melee: Dagger            |     2 |    11 ||    13
 Cast: Flame Tongue      |    48 |     7 ||    55
       Throw Flame       |    15 |     1 ||    16
       Conjure Flame     |     1 |       ||     1
  Eat: Chunk             |    18 |       ||    18
Dodge: Dodged            |    22 |    13 ||    35
